 Dungeon Crawl Stone Soup version 0.28-a0-580-ga2639ab843 (webtiles) character file.

Game seed: 4318286033688979782

63 sanka the Unweaver (level 3, -5/31 HPs)
             Began as a Palentonga Abyssal Knight on Oct 2, 2021.
             Was a Follower of Lugonu.
             Killed from afar by Natasha (8 damage)
             ... with a magic dart
             ... on level 3 of the Dungeon.
             The game lasted 00:02:20 (2449 turns).

sanka the Unweaver (Palentonga Abyssal Knight)      Turns: 2449, Time: 00:02:21

Health: -5/31      AC:  4    Str: 17    XL:     3   Next: 89%
Magic:  6/6        EV:  9    Int: 10    God:    Lugonu [*.....]
Gold:   78         SH:  0    Dex: 10    Spells: 2/2 levels left

rFire   . . .      SeeInvis +   a - +0 war axe
rCold   . . .      Faith    .   (no shield)
rNeg    . . .      Spirit   .   b - +0 leather armour
rPois   .          Reflect  .   (no helmet)
rElec   .          Harm     .   (no cloak)
rCorr   .          Rampage  .   (no gloves)
Will    .....                   (no barding)
Stlth   +.........              (no amulet)
HPRegen 0.10/turn               (no ring)
MPRegen 0.10/turn               (no ring)

@: no status effects
A: large, rugged brown scales 3, see invisible, deformed body, roll 1, armoured
tail
a: Rolling Charge, Renounce Religion, Depart the Abyss


You were on level 3 of the Dungeon.
You worshipped Lugonu.
Lugonu was aware of your devotion.
You visited 1 branch of the dungeon, and saw 3 of its levels.
You visited the Abyss 1 time.

You collected 78 gold pieces.


Innate Abilities, Weirdness & Mutations

You are completely covered in rugged brown scales. (AC +3, +7% HP)
You have supernaturally acute eyesight. (SInv)
Armour fits poorly on your strangely shaped body.
You can roll at nearby foes to attack.
You have a long armoured tail.


   Skills:
 - Level 3.0 Fighting
 + Level 2.1 Axes
 - Level 1.5 Armour
 - Level 0.7 Dodging
 + Level 4.5 Invocations


You had 2 spell levels left.
You didn't know any spells.
Your spell library contained the following spells:

 Spells                   Type           Power      Damage    Failure   Level
 Pain                     Necr           0%         1d4       41%         1
 Sandblast                Erth           0%         2d4       41%         1
 Passwall                 Tmut/Erth      0%         N/A       56%         2
 Stone Arrow              Conj/Erth      0%         3d7       80%         3
 Agony                    Necr           0%         N/A       100%        5
 Excruciating Wounds      Necr           0%         N/A       100%        5

Inventory:

Hand Weapons
 a - a +0 war axe (weapon)
 j - a +1 hand axe
Armour
 b - a +0 leather armour (worn)
Scrolls
 e - a scroll of brand weapon {unknown}
 g - 4 scrolls of identify {unknown}
 i - a scroll of vulnerability {unknown}
 k - a scroll of noise {unknown}
Potions
 c - 3 potions of degeneration {unknown}
 d - a potion of attraction {unknown}
 f - a potion of brilliance {unknown}
 h - a potion of resistance {unknown}

Dungeon Overview and Level Annotations

Branches:
Dungeon (3/15)

Altars:
Cheibriados

Annotations:
D:3 Natasha

▒. ....▒ ▒▒. ▒....▒
▒.. ▒....▒ ▒▒.
.....▒▒ ▒▒ .....▒
▒...▒ ▒..▒
▒.H▒▒▒▒▒▒▒▒▒
▒▒▒hhb........
....K5▒▒.▒▒▒▒▒▒▒▒▒
.▒▒.▒.......(.....
...▒..▒▒▒...▒...▒
▒▒▒.▒..▒..........
▒......▒...▒...▒
▒▒..............
▒.....▒▒▒▒▒▒▒▒▒▒▒▒▒▒


You could see a hound, Natasha, a shadow imp (summoned), a bat and a kobold.


Message History

You closely miss the hound. The bat closely misses you. The hound bites you.
* * * LOW HITPOINT WARNING * * *
The bat closely misses you. Natasha claws you.
* * * LOW HITPOINT WARNING * * *
The hound bites you.
* * * LOW HITPOINT WARNING * * *
Natasha claws you.
* * * LOW HITPOINT WARNING * * *
You hit Natasha.
Natasha is lightly wounded.
You hit the bat but do no damage. You miss the hound.
The bat hits you but does no damage. The hound closely misses you.
The hound bites you.
* * * LOW HITPOINT WARNING * * *
Natasha claws you but does no damage.
You closely miss Natasha.
Natasha is lightly wounded.
You hit the hound. The bat hits you.
* * * LOW HITPOINT WARNING * * *
The hound barely misses you. The bat barely misses you.
Natasha casts a spell at you. The magic dart hits you!
You die...

Action                   || total
-------------------------++-------
Melee: Hand axe          ||    65
       Tailslap          ||     6
       War axe           ||    29
Invok: Depart the Abyss  ||     1
Armor: Leather armour    ||    36
Dodge: Dodged            ||    60

Levels and vault maps discovered:
D:1:      dpeg_arrival_tiny_k, layout_loops_ring
D:2:      layout_basic, basic_altar, chequers_ecumenical_altar_island
D:3:      layout_loops_cross, lemuel_coloured_pillars_altar, minmay_bisected,
          uniq_natasha

Notes
Turn   | Place    | Note
-------+----------+-------------------------------------------
     0 | Abyss:1  | sanka the Palentonga Abyssal Knight began the quest for the
                  | Orb.
     0 | Abyss:1  | Reached XP level 1. HP: 19/19 MP: 2/2
    65 | Abyss:1  | Noticed a raiju
    71 | D:1      | Escaped the Abyss
   443 | D:1      | Reached XP level 2. HP: 25/25 MP: 4/4
   445 | D:1      | Reached skill level 3 in Invocations
   501 | D:1      | Reached * piety under Lugonu
  1036 | D:2      | Found a snail-covered altar of Cheibriados.
  1228 | D:2      | Found a faded altar of an unknown god.
  1233 | D:2      | Reached XP level 3. HP: 25/31 MP: 5/5
  1496 | D:2      | Reached skill level 4 in Invocations
  2442 | D:3      | Noticed Natasha
  2449 | D:3      | HP: 3/31 [bat (1)]
  2449 | D:3      | Killed from afar by Natasha

Vanquished Creatures
  3 adders
  2 dart slugs
  6 ball pythons
  3 bats
  3 endoplasms (D:1)
  5 hobgoblins
  2 jackals (D:1)
  3 kobolds
  A quokka (D:1)
  A frilled lizard (D:1)
  4 rats
33 creatures vanquished.
